 Dungeon Crawl Stone Soup version 0.29.1-15-g9cfb28693d (webtiles) character file.

Game seed: 5849510766997937503

16212 Sanktem7 the Warrior (level 12, -6/133 HPs)
             Began as a Minotaur Fighter on Feb 25, 2023.
             Was an Elder of Trog.
             Mangled by a boulder beetle (42 damage)
             ... on level 11 of the Dungeon.
             The game lasted 00:23:38 (13607 turns).

Sanktem7 the Warrior (Minotaur Fighter)            Turns: 13607, Time: 00:23:39

Health: -6/133     AC: 16    Str: 37    XL:     12   Next: 8%
Magic:  11/11      EV:  8    Int:  7    God:    Trog [****..]
Gold:   587        SH:  5    Dex:  9    Spells: 11/11 levels left

rFire   + . .      SeeInvis +   a - +4 war axe {axe}
rCold   . . .      Faith    .   u - +1 buckler of the Desert {rElec Str+5}
rNeg    . . .      Spirit   .   F - +0 plate armour
rPois   .          Reflect  .   (helmet restricted)
rElec   +          Harm     .   (no cloak)
rCorr   .          Rampage  .   l - +1 pair of gloves
Will    .....                   (no boots)
Stlth   ..........              h - amulet "Favveam" {Contam rF+ Regen+ Str+2 Int+3 Stlth+}
HPRegen 1.12/turn               t - ring of see invisible
MPRegen 0.12/turn               z - +4 ring of slaying

@: no status effects
A: horns 2, retaliatory headbutt, robust 1, strong 1
a: Renounce Religion, Berserk, Trog's Hand, Brothers in Arms


You were on level 11 of the Dungeon.
You worshipped Trog.
Trog was greatly pleased with you.
You visited 2 branches of the dungeon, and saw 12 of its levels.

You collected 587 gold pieces.


Innate Abilities, Weirdness & Mutations

You have a pair of horns on your head.
You reflexively headbutt those who attack you in melee.
You are robust. (+10% HP)
Your muscles are strong. (Str +4, Int/Dex -1)


   Skills:
 * Level 15.3 Fighting
 * Level 15.1 Axes
 - Level 6.0 Throwing
 + Level 8.2 Armour
 - Level 3.6 Shields


You had 11 spell levels left.
You didn't know any spells.
Your spell library contained the following spells:

 Spells                   Type           Power      Damage    Failure   Level
 Beastly Appendage        Tmut           0%         N/A       98%         1
 Magic Dart               Conj           0%         1d3       98%         1
 Necrotise                Necr           0%         1d4       98%         1
 Blink                    Tloc           0%         N/A       99%         2
 Call Imp                 Summ           0%         N/A       99%         2
 Wereblood                Tmut           0%         N/A       99%         2
 Confusing Touch          Hex            0%         N/A       100%        3
 Mephitic Cloud           Conj/Pois/Air  0%         N/A       100%        3
 Spider Form              Tmut/Pois      0%         N/A       100%        3
 Stone Arrow              Conj/Erth      0%         3d7       100%        3
 Vampiric Draining        Necr           0%         2d6       100%        3
 Animate Armour           Summ/Erth      0%         N/A       100%        4
 Agony                    Necr           0%         N/A       100%        5
 Iskenderun's Battlesphe  Conj           0%         2d6       100%        5
 Manifold Assault         Tloc           0%         N/A       100%        5
 Yara's Violent Unravell  Hex/Tmut       0%         3d3       100%        5
 Iron Shot                Conj/Erth      0%         9d1       100%        6
 Enfeeble                 Hex            0%         N/A       100%        7
 Spellforged Servitor     Conj/Summ      0%         N/A       100%        7
 Storm Form               Tmut/Air       0%         N/A       100%        7
 Lehudib's Crystal Spear  Conj/Erth      0%         10d2      100%        8

Inventory:

Hand Weapons
 a - a +4 war axe (weapon) {axe}
 w - a +3 scimitar of flaming {long}
   (You took it off an efreet on level 11 of the Dungeon)
 H - a +0 mace of protection {mace}
   (You took it off an orc warrior on level 8 of the Dungeon)
Missiles
 c - 47 stones {throwing}
 r - 3 boomerangs {throwing}
 y - 2 atropa-tipped darts {throwing}
 C - 22 poisoned darts (quivered) {throwing}
Armour
 l - a +1 pair of gloves (worn)
   (You found it on level 2 of the Dungeon)
 u - the +1 buckler of the Desert (worn) {rElec Str+5}
   (You found it on level 7 of the Dungeon)

   Str:       It affects your strength (+5).
   rElec:     It insulates you from electricity.
 F - a +0 plate armour (worn)
   (You found it on level 10 of the Dungeon)
 K - a +0 chain mail
   (You found it on level 8 of the Dungeon)
Jewellery
 h - the amulet "Favveam" (around neck) {Contam rF+ Regen+ Str+2 Int+3 Stlth+}
   (You found it on level 10 of the Dungeon)

   [amulet of regeneration]

   Str:       It affects your strength (+2).
   Int:       It affects your intelligence (+3).
   rF:        It protects you from fire.
   Contam:    It causes magical contamination when unequipped.
   Regen:     It increases your rate of health regeneration.
   Stlth:     It makes you more stealthy.
 t - a ring of see invisible (left hand)
   (You found it on level 3 of the Dungeon)
 z - a +4 ring of slaying (right hand)
   (You found it on level 9 of the Dungeon)
 E - a ring of flight
   (You found it on level 8 of the Dungeon)
Wands
 b - a wand of quicksilver (7)
   (You found it on level 10 of the Dungeon)
 k - a wand of flame (20)
   (You found it on level 10 of the Dungeon)
 n - a wand of polymorph (11)
   (You found it on level 8 of the Dungeon)
 q - a wand of iceblast (15)
   (You found it on level 2 of the Dungeon)
 v - a wand of charming (5)
   (You found it on level 11 of the Dungeon)
 x - a wand of mindburst (14)
   (You found it on level 7 of the Dungeon)
 G - a wand of digging (7)
   (You found it on level 8 of the Dungeon)
Scrolls
 e - 3 scrolls of immolation {!r!r}
 f - a scroll of poison {!r}
 g - 5 scrolls of teleportation {@r4}
 i - a scroll of magic mapping {!r}
 m - a scroll of torment {!r}
 s - 2 scrolls of fear
Potions
 d - 4 potions of might
 j - 3 potions of heal wounds {@q2}
 o - 2 potions of flight
 p - a potion of invisibility {unknown}
 A - 6 potions of haste {@q3}
 B - 4 potions of curing {@q1}
 D - 2 potions of resistance
 I - a potion of lignification {unknown}
 J - a potion of mutation {!q}
Miscellaneous
 M - a phantom mirror
   (You found it on level 10 of the Dungeon)

Dungeon Overview and Level Annotations

Branches:
Dungeon (11/15) Zot: 26583  Temple (1/1) D:4 Zot: 5694    Lair (0/5) D:8
    Orc (0/2) D:10

Altars:
Ashenzari
Cheibriados
Dithmenos
Elyvilon
Fedhas
Gozag
Hepliaklqana
Kikubaaqudgha
Makhleb
Nemelex Xobeh
Okawaru
Qazlal
Ru
Sif Muna
Trog
Uskayaw
Vehumet
Wu Jian
Xom
Yredelemnul
Zin
The Shining One
Jiyva

Shops:
D:4 ( D:10

==
##...........##..#
#..§≈§....≈...#..#
#..[§...(.≈(..#..#
'.≈≈≈≈§...≈...'..#
#...≈§.°))≈(..#..#
#...§...°.≈)).#..#
##......○....##..#
#.......B...#.(.#
##......@..##...#
###.....###....#
#######......#
#............#
##......#########
#.##...#........
#.##...#........
#......#........
#......#........


You could see a boulder beetle (rolling).


Message History

The cyclops hits you!
You are too injured to fight recklessly! 😮 HP[-29]
You take 29 damage, and now have 91/133 hp.
MASSIVE DAMAGE!! (PAUSE)
You barely miss the acid dragon. You hit the cyclops.
The acid dragon bites you!
The acid dragon claws you but does no damage. 😮 HP[-6]
You take 6 damage, and now have 85/133 hp.
You completely miss the acid dragon. You slash the cyclops!
The cyclops hits you but does no damage.
You block the acid dragon's attack.
The acid dragon claws you but does no damage. 😮 HP[+1]
You barely miss the acid dragon. You headbutt the acid dragon!
You slash the cyclops!
You kill the cyclops!
Trog accepts your kill. 😮 HP[+1]
You slice the acid dragon!!
You kill the acid dragon!
Trog accepts your kill.
The orc wizard mumbles some strange words.
The orc wizard flickers and vanishes for a moment. 😮 HP[+1]
The orc warrior hits you from afar with a +0 halberd!
Items here: $ ) / ? [ †. 😮 HP[-11]
You take 11 damage, and now have 77/133 hp.
The orc warrior hits you but does no damage. 😮 HP[+1]
The orc warrior hits you but does no damage.
The orc wizard hits you but does no damage. 😮 HP[+1]
You slice the orc wizard!!
You kill the orc wizard!
Trog accepts your kill.
Trog appreciates your killing of a magic user.
You slash the orc warrior!
The orc warrior hits you but does no damage. 😮 HP[+1]
The orc warrior hits you with a +0 halberd.
Things that are here:
a +0 dagger {short}; a +0 robe; 😮 HP[-5]
You take 5 damage, and now have 75/133 hp.
You hit the orc warrior.
The orc warrior closely misses you. 😮 HP[+1]
You slice the orc warrior!!
You kill the orc warrior!
Trog accepts your kill. 😮 HP[+1] 😮 HP[+1]
You completely miss the boulder beetle.
You headbutt the boulder beetle, but do no damage.
The boulder beetle bites you!!
* * * LOW HITPOINT WARNING * * *
😨 HP[-17]
You take 17 damage, and now have 61/133 hp.
You slash the boulder beetle!
You hit the boulder beetle but do no damage.
You headbutt the boulder beetle, but do no damage.
The boulder beetle bites you!
* * * LOW HITPOINT WARNING * * *
😨 HP[-10]
You take 10 damage, and now have 51/133 hp.
You barely miss the boulder beetle. The boulder beetle bites you!
* * * LOW HITPOINT WARNING * * *
😨 HP[-6]
You take 6 damage, and now have 45/133 hp.
You slash the boulder beetle! The boulder beetle bites you!!
* * * LOW HITPOINT WARNING * * *
😱 HP[-20]
You take 20 damage, and now have 25/133 hp.
You hit the boulder beetle.
You headbutt the boulder beetle, but do no damage. 😱 HP[+1]
You slice the boulder beetle!!
You headbutt the boulder beetle, but do no damage.
The boulder beetle bites you!
* * * LOW HITPOINT WARNING * * *
😱 HP[-13]
You take 13 damage, and now have 13/133 hp.
Unknown command.
You feel much better. The boulder beetle bites you!
* * * LOW HITPOINT WARNING * * *
😱 HP[+15]
You regained 15 hp, and now have 28/133 hp.
You slash the boulder beetle!
You block the boulder beetle's attack. 😱 HP[+1]
You slash the boulder beetle!
The boulder beetle leaps! 😱 HP[+1] 😱 HP[+1]
The boulder beetle curls into a ball and begins rolling! 😱 HP[+1] 😱 HP[+1] 😨 HP[+1] 😨 HP[+1]
The boulder beetle hits you!!!
You die...

Skill      XL: |  1  2  3  4  5  6  7  8  9 10 11 12 |
---------------+-------------------------------------+-----
Fighting       | 4 5 6 8 9 11 13 15 | 15.3
Axes           | 3 4 5 6 7 9 11 13 14 15 | 15.1
Armour         | 4 5 6 8 |  8.2
Throwing       | 2 4 6 |  6.0
Shields        | |  3.6

Action                   |  1- 3 |  4- 6 |  7- 9 | 10-12 || total
-------------------------+-------+-------+-------+-------++-------
Melee: War axe           |    63 |   124 |   209 |   324 ||   720
       Headbutt          |     5 |    23 |    37 |    71 ||   136
Throw: Dart              |       |       |     4 |       ||     4
       Stone             |       |       |     1 |       ||     1
  Use: Scroll            |       |       |    15 |     7 ||    22
       Potion            |       |       |     2 |     1 ||     3
Armor: Scale mail        |    23 |    53 |   119 |    25 ||   220
       Chain mail        |       |       |       |    31 ||    31
       Plate armour      |       |       |       |    40 ||    40
Dodge: Dodged            |    27 |    63 |   110 |   103 ||   303
Block: Buckler           |    18 |    34 |    61 |    48 ||   161

Levels and vault maps discovered:
D:1:      saegor_arrival_simple_b, layout_loops_corners,
          hellmonk_ecumenical_altar_blasted, minmay_misc_feat_pillars,
          grunt_decor_clamped, hangedman_decor_slide_cut, skrybe_limestone_x
D:2:      layout_loops_ring
D:3:      layout_basic, lemuel_round_altar, minmay_crystal_water, uniq_natasha
D:4:      layout_layer_cave, marbit_many_paths, nicolae_overflow_crystal_walls,
          minmay_temple_entry_glassed_door, serial_shops, nicolae_shop_stone,
          corexii_corridor_pit, minmay_circle_x, uniq_ijyb
D:5:      layout_gridville
D:6:      layout_basic, mainiacjoe_overflow_catch_the_wave,
          minmay_misc_feat_tiny, grunt_ministairs_10, minmay_between,
          uniq_menkaure
D:7:      layout_basic, minmay_tree_intersection, minivault_26
D:8:      layout_gridville, kennysheep_mini, nemelex_xobeh_ov_fountains_minmay,
          due_lair_maze_entry_diamond, uniq_erica
D:9:      layout_roguey, mainiacjoe_overflow_alcove_1, enter_bailey_8,
          gammafunk_ghost_ooze
D:10:     layout_roguey, minmay_orc_entry_guard_dogs, serial_shops,
          nicolae_shop_advertising_works [nicolae_subvault_shop_adworks], shop,
          minmay_hedge_maze, kennysheep_nub, chequers_serial_rivers_small_3,
          kennysheep_generic_room_2
D:11:     layout_stronghold, grunt_potential
Temple:   minmay_temple_curvy_branch

Notes
Turn   | Place    | Note
-------+----------+-------------------------------------------
     0 | D:1      | Sanktem7 the Minotaur Fighter began the quest for the Orb.
     0 | D:1      | Reached XP level 1. HP: 19/19 MP: 0/0
     0 | D:1      | magus.rc [v1.9.6]
    74 | D:1      | Found a faded altar of an unknown god.
   308 | D:1      | Reached XP level 2. HP: 27/27 MP: 1/1
   381 | D:1      | Reached skill level 4 in Fighting
   730 | D:1      | Reached skill level 3 in Axes
  1296 | D:2      | Reached XP level 3. HP: 33/33 MP: 2/2
  1357 | D:2      | Reached skill level 4 in Armour
  1378 | D:2      | You pick up a book of Necromancy and begin reading...
  1378 | D:2      | You add the spells Necrotise, Vampiric Draining and Agony
                  | to your library.
  1567 | D:2      | HP: 6/34 [gnoll/+0 halberd (11)]
  1871 | D:2      | Reached XP level 4. HP: 37/41 MP: 3/3
  2368 | D:3      | You fall into a shaft and drop 2 floors!
  2368 | D:5      | Entered Level 5 of the Dungeon
  2409 | D:4      | Found a shimmering altar of Xom.
  2529 | D:4      | Reached skill level 4 in Axes
  2668 | D:4      | Noticed Ijyb
  2672 | D:4      | Noticed a scorpion
  2676 | D:4      | Killed Ijyb
  2677 | D:4      | Reached skill level 5 in Fighting
  2682 | D:4      | Reached XP level 5. HP: 25/48 MP: 4/4
  2686 | D:4      | Reached skill level 5 in Axes
  3006 | D:4      | You pick up a book of Minor Magic and begin reading...
  3006 | D:4      | You add the spells Magic Dart, Call Imp and Mephitic Cloud
                  | to your library.
  3052 | D:4      | Found a blossoming altar of Fedhas.
  3220 | D:4      | Reached skill level 6 in Fighting
  3220 | D:4      | Reached skill level 5 in Armour
  3220 | D:4      | Reached XP level 6. HP: 50/57 MP: 5/5
  3332 | D:4      | Found a staircase to the Ecumenical Temple.
  3341 | Temple   | Entered the Ecumenical Temple
  3620 | Temple   | Became a worshipper of Trog the Wrathful
  3929 | D:4      | You pick up a book of Misfortune {forbidden} and begin
                  | reading...
  3929 | D:4      | You add the spells Confusing Touch, Yara's Violent
                  | Unravelling and Enfeeble to your library.
  3953 | D:4      | Found Libb's Antique Weapon Shoppe.
  4757 | D:3      | Found a basalt altar of Yredelemnul.
  4925 | D:3      | Noticed Natasha
  4931 | D:3      | Killed Natasha
  5120 | D:3      | Noticed Natasha
  5129 | D:3      | Killed Natasha
  5176 | D:3      | Noticed Natasha
  5188 | D:3      | Killed Natasha
  5188 | D:3      | Reached * piety under Trog
  5311 | D:5      | Noticed a water moccasin
  5317 | D:5      | Killed a water moccasin
  5318 | D:5      | Reached skill level 6 in Axes
  5318 | D:5      | Reached XP level 7. HP: 56/64 MP: 6/6
  5412 | D:5      | Reached skill level 7 in Fighting
  5652 | D:5      | Reached skill level 7 in Axes
  5704 | D:5      | Reached skill level 6 in Armour
  5817 | D:5      | HP: 6/67 [ogre/+0 giant club (30)]
  5819 | D:5      | Reached skill level 8 in Fighting
  5819 | D:5      | Reached XP level 8. HP: 7/74 MP: 7/7
  6209 | D:5      | You pick up a book of Minor Magic {forbidden} and begin
                  | reading...
  6737 | D:6      | Reached skill level 8 in Axes
  6737 | D:6      | Reached skill level 1 in Throwing
  6770 | D:6      | Reached skill level 9 in Fighting
  6770 | D:6      | Reached skill level 2 in Throwing
  6921 | D:6      | Gained mutation: You are robust. (+10% HP) [potion of
                  | mutation]
  6921 | D:6      | Gained mutation: Your muscles are strong. (Str +4, Int/Dex
                  | -1) [potion of mutation]
  7102 | D:6      | You pick up a book of Armaments {forbidden} and begin
                  | reading...
  7102 | D:6      | You add the spells Stone Arrow, Animate Armour and
                  | Lehudib's Crystal Spear to your library.
  7157 | D:6      | Found a white marble altar of Elyvilon.
  7186 | D:6      | Found an iron altar of Okawaru.
  7215 | D:6      | Reached skill level 9 in Axes
  7308 | D:6      | Reached XP level 9. HP: 55/93 MP: 8/8
  7329 | D:6      | Reached skill level 3 in Throwing
  7349 | D:6      | Reached skill level 10 in Fighting
  7823 | D:7      | Reached skill level 10 in Axes
  7977 | D:7      | Reached ** piety under Trog
  8192 | D:7      | HP: 19/94 [killer bee (7)]
  8198 | D:7      | HP: 23/94 [poisoned by a killer bee]
  8203 | D:7      | HP: 20/94 [killer bee (2)]
  8215 | D:7      | HP: 15/94 [gnoll/+0 spear[a gnoll bouda] (6)]
  8216 | D:7      | Reached skill level 4 in Throwing
  8592 | D:7      | Identified the +1 buckler of the Desert {rElec Str+5}
  8676 | D:7      | Reached skill level 11 in Fighting
  8963 | D:7      | You add the spells Blink, Manifold Assault and Storm Form
                  | to your library.
  9027 | D:7      | You pick up a book of Power {forbidden} and begin
                  | reading...
  9027 | D:7      | You add the spells Iskenderun's Battlesphere, Iron Shot and
                  | Spellforged Servitor to your library.
  9244 | D:7      | Reached skill level 11 in Axes
  9368 | D:8      | Noticed Erica
  9379 | D:8      | Killed Erica
  9380 | D:8      | Reached XP level 10. HP: 84/105 MP: 9/9
  9565 | D:8      | Found a sparkling altar of Nemelex Xobeh.
  9618 | D:8      | Reached skill level 5 in Throwing
  9621 | D:8      | Reached skill level 12 in Fighting
  9801 | D:8      | Found a staircase to the Lair.
  9811 | D:8      | Reached skill level 12 in Axes
 10022 | D:8      | Reached *** piety under Trog
 10288 | D:8      | Found a broken altar of Ashenzari.
 10950 | D:9      | Found a runed translucent gate.
 10950 | D:9      | Found a runed translucent gate.
 10951 | D:9      | Found a runed translucent gate.
 10951 | D:9      | Noticed SirLogeyBear's ghost (journeyman HOBe)
 10954 | D:9      | Found a viscous altar of Jiyva.
 10982 | D:9      | Killed SirLogeyBear's ghost
 10983 | D:9      | Reached skill level 13 in Fighting
 10983 | D:9      | Reached skill level 6 in Throwing
 11334 | D:9      | Noticed a two-headed ogre
 11342 | D:9      | Killed a two-headed ogre
 11343 | D:9      | Reached skill level 13 in Axes
 11343 | D:9      | Reached XP level 11. HP: 88/117 MP: 10/10
 11367 | D:9      | You pick up a book of Changes {forbidden} and begin
                  | reading...
 11367 | D:9      | You add the spells Beastly Appendage, Wereblood and Spider
                  | Form to your library.
 11976 | D:9      | Found an ornate altar of the Wu Jian Council.
 12085 | D:10     | Entered Level 10 of the Dungeon
 12085 | D:10     | Found Ehaulokk's Jewellery Emporium.
 12145 | D:10     | You pick up a book of Armaments {forbidden} and begin
                  | reading...
 12167 | D:10     | Identified the amulet "Favveam" {Contam rF+ Regen+ Str+2
                  | Int+3 Stlth+}
 12177 | D:10     | Found a staircase to the Orcish Mines.
 12312 | D:10     | Reached **** piety under Trog
 12413 | D:10     | Reached skill level 14 in Fighting
 12696 | D:10     | Reached skill level 14 in Axes
 12696 | D:10     | Reached skill level 7 in Armour
 12700 | D:10     | Noticed a soul eater
 12956 | D:10     | Noticed a two-headed ogre
 12960 | D:10     | Killed a two-headed ogre
 13120 | D:10     | Found Eximesh's Jewellery Emporium.
 13359 | D:11     | Noticed a cyan ugly thing
 13370 | D:11     | Killed a cyan ugly thing
 13449 | D:11     | Noticed a boulder beetle
 13449 | D:11     | Noticed a two-headed ogre
 13458 | D:11     | Killed a two-headed ogre
 13459 | D:11     | Reached skill level 15 in Fighting
 13459 | D:11     | Reached skill level 8 in Armour
 13466 | D:11     | Reached XP level 12. HP: 50/130 MP: 11/11
 13471 | D:11     | Reached skill level 15 in Axes
 13596 | D:11     | HP: 25/133 [boulder beetle (21)]
 13607 | D:11     | Mangled by a boulder beetle

Vanquished Creatures
  The ghost of SirLogeyBear the Severer, a journeyman HOBe of Trog (D:9)
  3 two-headed ogres
  Erica (D:8)
  An ugly thing (D:11)
  2 cyclopes (D:11)
  An unseen horror (D:11)
  An efreet (D:11)
  3 kobold demonologists (D:10)
  2 trolls (D:11)
  A slime creature (D:9)
  A hornet (D:8)
  19 yaks
  A wyvern (D:10)
  A wraith (D:11)
  3 vampire mosquitoes (D:11)
  A steam dragon (D:6)
  4 wargs (D:10)
  2 acid dragons
  8 water moccasins
  2 ice beasts
  A black bear (D:6)
  4 orc warriors
  5 sky beasts
  4 ogres
  5 centaurs
  8 bullfrogs
  4 kobold brigands
  2 necrophages (D:6)
  A gnoll sergeant (D:10)
  5 scorpions
  4 wights (D:8)
  10 killer bees
  6 hounds
  6 orc priests
  3 jellies (D:9)
  A gnoll bouda (D:7)
  Ijyb (D:4)
  Natasha (thrice) (D:3)
  4 iguanas
  7 orc wizards
  4 adders
  21 gnolls
  A shadow imp (D:5)
  2 white imps
  An ufetubus (D:6)
  3 worms
  A dart slug (D:4)
  27 orcs
  9 endoplasms
  3 giant cockroaches
  6 goblins
  4 hobgoblins
  3 quokkas
  4 ball pythons
  3 bats
  5 frilled lizards
  17 kobolds
  5 rats
261 creatures vanquished.

Vanquished Creatures (others)
  A shadow (D:11)
  36 fungi (D:8)
  35 plants (D:8)
72 creatures vanquished.

Grand Total: 333 creatures vanquished

Table legend:
 A = Non-vault XP
 B = Vault XP
 C = Vault XP percentage of total XP
 D = Non-vault monster count
 E = Vault monster count
 F = Vault count percentage of total count
                 A         B        C        D         E       F
            +---------+---------+-------+---------+---------+-------
      Total |   15179 |    7982 |  34.5 |     212 |      49 |  18.8
            +---------+---------+-------+---------+---------+-------
        D:1 |      32 |       0 |   0.0 |      14 |       0 |   0.0
        D:2 |      77 |       0 |   0.0 |      18 |       0 |   0.0
        D:3 |     198 |      36 |  15.4 |      19 |       1 |   5.0
        D:4 |     238 |      98 |  29.2 |      14 |       8 |  36.4
        D:5 |     866 |       0 |   0.0 |      16 |       0 |   0.0
        D:6 |    1365 |     436 |  24.2 |      14 |       7 |  33.3
        D:7 |    1597 |       0 |   0.0 |      28 |       0 |   0.0
        D:8 |    1482 |    2267 |  60.5 |      28 |      12 |  30.0
        D:9 |    2101 |    1278 |  37.8 |      20 |       5 |  20.0
       D:10 |    4983 |     982 |  16.5 |      28 |       6 |  17.6
       D:11 |    2239 |    2885 |  56.3 |      12 |      10 |  45.5
     Temple |       1 |       0 |   0.0 |       1 |       0 |   0.0
            +---------+---------+-------+---------+---------+-------

Illustrated notes

Table legend:
 A = Kills in this place as a percentage of kills in entire the game.
 B = Kills by you in this place as a percentage of kills by you in the entire game.
 C = Kills by friends in this place as a percentage of kills by friends in the entire game.
 D = Other kills in this place as a percentage of other kills in the entire game.
 E = Experience gained in this place as a percentage of experience gained in the entire game.
 F = Experience gained in this place divided by the number of levels of this place that you have seen.
                   A       B       C       D       E      F
               +-------+-------+-------+-------+-------+----------------------
         Total | 100.0 | 100.0 |   N/A |   N/A | 100.0 | 1930.1
       Dungeon |  99.6 |  99.6 |   N/A |   N/A | 100.0 | 2105.5
        Temple |   0.4 |   0.4 |   N/A |   N/A |   0.0 |   1.0
               +-------+-------+-------+-------+-------+----------------------

Table legend: (Time is in decaauts)
 A = Elapsed time spent in this place.
 B = Non-inter-level travel time spent in this place.
 C = Inter-level travel time spent in this place.
 D = Time resting spent in this place.
 E = Time spent auto-exploring this place.
 F = Levels seen in this place.
 G = Mean time per level.
                   A        B        C        D        E       F      G
               +--------+--------+--------+--------+--------+-----+--------+
         Total |  13647 |  13133 |    514 |    447 |  10656 |  12 | 1137.2 |
       Dungeon |  13341 |  12872 |    469 |    447 |  10404 |  11 | 1212.8 |
        Temple |    305 |    260 |     45 |      0 |    252 |   1 |  305.0 |
               +--------+--------+--------+--------+--------+-----+--------+

Top non-repeatable levels by time:
     D:7: 1689 daAuts
     D:4: 1654 daAuts
     D:8: 1440 daAuts
     D:5: 1422 daAuts
     D:1: 1418 daAuts
     D:9: 1262 daAuts
     D:3: 1127 daAuts
    D:10: 1082 daAuts
     D:6: 1002 daAuts
     D:2: 827 daAuts
    D:11: 415 daAuts
  Temple: 305 daAuts
